[Event "FIDE WYCC Girls U18 2023"]
[Site "Montesilvano"]
[Date "2023.11.13"]
[Round "1.1"]
[White "Alexandrova, Angelina"]
[Black "Wu, Rochelle"]
[Result "0-1"]
[ECO "D02"]
[WhiteElo "1814"]
[BlackElo "2228"]
[Annotator "ChessBase"]
[PlyCount "70"]
[EventDate "2023.11.13"]
[EventType "swiss"]
[EventCountry "ITA"]
[SourceTitle "playchess.com"]
[Source "ChessBase"]
[SourceQuality "1"]
[TimeControl "40/5400+30:1800+30"]

1. d4 d5 2. Nf3 Nf6 3. g3 c6 4. Bg2 Bg4 5. b3 Nbd7 6. Bb2 e6 7. Nbd2 Be7 8. O-O h6 9. Re1 O-O 10. e4 dxe4 11. Nxe4 Nxe4 12. Rxe4 Nf6 13. Re1 Qc7 14. c4 Rad8 15. Qe2 Rfe8 16. a3 Nd7 17. h3 Bh5 18. Rad1 Bf6 19. g4 Bg6 20. b4 a5 21. Ne5 Nxe5 22. dxe5 Be7 23. c5 axb4 24. axb4 b6 25. Bd4 bxc5 26. Bxc5 Bxc5 27. bxc5 Qa5 28. Qe3 Rb8 29. Bxc6 Rec8 30. Be4 Bxe4 31. Qxe4 Rxc5 32. Re3 g5 33. Rd7 Rb4 34. Rd4 Qa1+ 35. Re1 Qxd4 0-1

[Event "FIDE WYCC Girls U18 2023"]
[Site "Montesilvano"]
[Date "2023.11.13"]
[Round "1.2"]
[White "Wikar, Martyna"]
[Black "Sovetbekova, Nurai"]
[Result "1/2-1/2"]
[ECO "B92"]
[WhiteElo "2228"]
[BlackElo "1801"]
[Annotator "ChessBase"]
[PlyCount "80"]
[EventDate "2023.11.13"]
[EventType "swiss"]
[EventCountry "ITA"]
[SourceTitle "playchess.com"]
[Source "ChessBase"]
[SourceQuality "1"]
[TimeControl "40/5400+30:1800+30"]

1. e4 c5 2. Nf3 d6 3. d4 cxd4 4. Nxd4 Nf6 5. Nc3 a6 6. Be2 e5 7. Nb3 Be7 8. O-O O-O 9. Qd3 Be6 10. Bd2 a5 11. a4 b6 12. Rae1 Na6 13. Nd5 Nd7 14. Nxe7+ Qxe7 15. Qg3 Rfc8 16. Bc3 Nac5 17. Nxc5 Nxc5 18. Bb5 Bd7 19. f4 Bxb5 20. axb5 f6 21. b4 Na4 22. Bd2 axb4 23. Bxb4 Qe6 24. Rf2 Nc5 25. h4 Qc4 26. Bxc5 Qxc5 27. Rd1 Qxb5 28. Rxd6 exf4 29. Qxf4 Qb1+ 30. Kh2 Rxc2 31. Rxc2 Qxc2 32. e5 fxe5 33. Qxe5 Qc8 34. Rxb6 Qe8 35. Qg3 Rd8 36. Qg5 Qd7 37. Qg3 Qe8 38. Rb7 Qf8 39. h5 Qf6 40. Rb8 Rxb8 1/2-1/2

[Event "FIDE WYCC Girls U18 2023"]
[Site "Montesilvano"]
[Date "2023.11.13"]
[Round "1.3"]
[White "Hernandez Ortega, Carolina"]
[Black "Starosta, Martyna"]
[Result "0-1"]
[ECO "C03"]
[WhiteElo "1796"]
[BlackElo "2208"]
[Annotator "ChessBase"]
[PlyCount "88"]
[EventDate "2023.11.13"]
[EventType "swiss"]
[EventCountry "ITA"]
[SourceTitle "playchess.com"]
[Source "ChessBase"]
[SourceQuality "1"]
[TimeControl "40/5400+30:1800+30"]

1. e4 e6 2. d4 d5 3. Nd2 Be7 4. c3 c5 5. Bd3 Nc6 6. Ne2 cxd4 7. Nxd4 Nxd4 8. cxd4 Qb6 9. O-O Qxd4 10. Nf3 Qb6 11. Be3 Qd8 12. Qc2 Nf6 13. e5 Nd7 14. Bxh7 b6 15. Bd3 Nc5 16. Be2 Bb7 17. b4 Ne4 18. Qa4+ Kf8 19. Rac1 a5 20. bxa5 Rxa5 21. Qc2 Bc5 22. Bd3 Qa8 23. Ra1 Ba6 24. Bxa6 Qxa6 25. Nd2 Nxd2 26. Qxd2 Rh5 27. Bf4 Ra3 28. Rfc1 Rh4 29. g3 Rh5 30. Rc3 Bxf2+ 31. Kg2 Bc5 32. Rxa3 Qxa3 33. Rc1 Qa4 34. Qe2 Rf5 35. Qc2 Qxc2+ 36. Rxc2 g5 37. Bc1 Rxe5 38. a4 d4 39. Rd2 Rd5 40. Rd3 g4 41. h4 e5 42. Kf2 e4 43. Rd1 d3+ 44. Be3 Rf5+ 0-1

[Event "FIDE WYCC Girls U18 2023"]
[Site "Montesilvano"]
[Date "2023.11.13"]
[Round "1.4"]
[White "Balabayeva, Xeniya"]
[Black "Egger, Stefanie"]
[Result "1-0"]
[ECO "D00"]
[WhiteElo "2192"]
[BlackElo "1784"]
[Annotator "ChessBase"]
[PlyCount "79"]
[EventDate "2023.11.13"]
[EventType "swiss"]
[EventCountry "ITA"]
[SourceTitle "playchess.com"]
[Source "ChessBase"]
[SourceQuality "1"]
[TimeControl "40/5400+30:1800+30"]

1. d4 d5 2. Bf4 e6 3. e3 Nf6 4. Nf3 Bd6 5. Ne5 O-O 6. Nd2 c5 7. c3 Nc6 8. Bd3 Qc7 9. Ndf3 Nd7 10. Nxc6 bxc6 11. Bg3 h6 12. O-O Bxg3 13. hxg3 cxd4 14. cxd4 c5 15. Rc1 Qa5 16. dxc5 Nxc5 17. Bb1 Ba6 18. Re1 Rfc8 19. Ne5 Qd8 20. Qd4 Qe7 21. Rc3 Qd6 22. Rec1 Nd7 23. Nc6 Nb6 24. b3 Bb7 25. Na5 Ba6 26. b4 e5 27. Qd2 d4 28. Rc5 Na4 29. Rc6 Qd5 30. Rxa6 Rxc1+ 31. Qxc1 Nc3 32. Qc2 Qb5 33. Qh7+ Kf8 34. Bd3 Qd5 35. Qh8+ Ke7 36. Qxg7 e4 37. Bc4 Qh5 38. Qxd4 Rd8 39. Rxa7+ Ke8 40. Qh8# 1-0

[Event "FIDE WYCC Girls U18 2023"]
[Site "Montesilvano"]
[Date "2023.11.13"]
[Round "1.5"]
[White "Graziani, Emma"]
[Black "Allahverdiyeva, Ayan"]
[Result "0-1"]
[ECO "B50"]
[WhiteElo "1783"]
[BlackElo "2152"]
[Annotator "ChessBase"]
[PlyCount "76"]
[EventDate "2023.11.13"]
[EventType "swiss"]
[EventCountry "ITA"]
[SourceTitle "playchess.com"]
[Source "ChessBase"]
[SourceQuality "1"]
[TimeControl "40/5400+30:1800+30"]

1. e4 c5 2. Nf3 d6 3. d3 g6 4. g3 Bg7 5. Bg2 Nc6 6. O-O Nf6 7. Nbd2 O-O 8. Re1 e5 9. c3 h6 10. Nf1 b5 11. Ne3 a5 12. Nd5 Nxd5 13. exd5 Ne7 14. c4 bxc4 15. dxc4 a4 16. Nd2 Bd7 17. Ne4 Nc8 18. Nc3 Nb6 19. Bf1 f5 20. a3 Bc8 21. b4 e4 22. Bd2 Nd7 23. f4 exf3 24. Qxf3 Bd4+ 25. Kg2 Ne5 26. Qd1 f4 27. Rxe5 dxe5 28. bxc5 fxg3 29. hxg3 h5 30. Rb1 Rf2+ 31. Kh1 Bg4 32. Be2 Bxe2 33. Nxe2 Qd7 34. Ng1 Qf5 35. Qe1 Rxd2 36. Qxd2 Qxb1 37. Qg2 Bxc5 38. d6 Qxg1+ 0-1

[Event "FIDE WYCC Girls U18 2023"]
[Site "Montesilvano"]
[Date "2023.11.13"]
[Round "1.6"]
[White "Zhurova, Anna"]
[Black "Soares, Sara Joana De Moura "]
[Result "1-0"]
[ECO "C11"]
[WhiteElo "2149"]
[BlackElo "1772"]
[Annotator "NA"]
[PlyCount "65"]
[EventDate "2023.11.13"]
[EventType "swiss"]
[EventCountry "ITA"]
[SourceTitle "playchess.com"]
[Source "ChessBase"]
[SourceQuality "1"]
[TimeControl "40/5400+30:1800+30"]

1. e4 e6 2. d4 d5 3. Nc3 Nf6 4. e5 Nfd7 5. f4 c5 6. Nf3 Nc6 7. Be3 a6 8. Ne2 cxd4 9. Nexd4 Be7 10. c3 g6 11. Bd3 Qc7 12. O-O O-O 13. h4 b5 14. h5 Na5 15. hxg6 hxg6 16. Qc2 Nc5 17. Bxg6 Nc4 18. Bh7+ Kg7 19. Bc1 Bd7 20. b3 Nb6 21. f5 exf5 22. Bxf5 Rh8 23. Bxd7 Qxd7 24. e6 Qc7 25. Qf5 Nxe6 26. Qxe6 fxe6 27. Nxe6+ Kf7 28. Nxc7 Ra7 29. Nd4+ Kg6 30. Nce6 Bd6 31. Bf4 Bxf4 32. Rxf4 Rah7 33. Nf8+ 1-0

[Event "FIDE WYCC Girls U18 2023"]
[Site "Montesilvano"]
[Date "2023.11.13"]
[Round "1.7"]
[White "Keerti Shree Reddy"]
[Black "Abrisqueta Zudaire, Leyre"]
[Result "1/2-1/2"]
[ECO "B44"]
[WhiteElo "1741"]
[BlackElo "2137"]
[Annotator "ChessBase"]
[PlyCount "128"]
[EventDate "2023.11.13"]
[EventType "swiss"]
[EventCountry "ITA"]
[SourceTitle "playchess.com"]
[Source "ChessBase"]
[SourceQuality "1"]
[TimeControl "40/5400+30:1800+30"]

1. e4 c5 2. Nf3 e6 3. d4 cxd4 4. Nxd4 Nc6 5. a3 Bc5 6. Nb3 Bb6 7. Bd3 Nge7 8. Nc3 O-O 9. O-O f5 10. Be3 fxe4 11. Bxb6 axb6 12. Nxe4 d5 13. Ng3 Ra4 14. c3 Raf4 15. Qc2 g6 16. Rad1 Ne5 17. Bb5 Qc7 18. h3 Nf5 19. Nxf5 R8xf5 20. Nd4 Rf6 21. f3 Rf8 22. Qe2 Nf7 23. Kh1 e5 24. Nc2 Qc5 25. Nb4 e4 26. Rxd5 exf3 27. Rxf3 Qc7 28. Rxf4 Qxf4 29. Rd4 Qg5 30. Nd5 Kg7 31. Nxb6 Bf5 32. Bd3 Bxd3 33. Rxd3 Qb5 34. Nd5 Re8 35. Qf3 Re1+ 36. Kh2 Qc6 37. Qf4 g5 38. Qd4+ Kg6 39. Rf3 Qd6+ 40. g3 Ne5 41. Rf2 Qe6 42. Qb6 Qxb6 43. Nxb6 g4 44. Kg2 h5 45. hxg4 hxg4 46. Rf4 Re2+ 47. Kf1 Rxb2 48. Nc4 Nxc4 49. Rxg4+ Kf5 50. Rxc4 b5 51. Rb4 Ra2 52. Rxb5+ Kg4 53. Rb3 Kxg3 54. c4+ Kf4 55. Rc3 Ke5 56. c5 Rb2 57. a4 Rb8 58. a5 Kd5 59. c6 Kd6 60. c7 Rc8 61. a6 Rxc7 62. Rxc7 Kxc7 63. Ke2 Kb6 64. a7 Kxa7 1/2-1/2

[Event "FIDE WYCC Girls U18 2023"]
[Site "Montesilvano"]
[Date "2023.11.13"]
[Round "1.8"]
[White "Mungunzul, Bat-Erdene"]
[Black "O'Carroll, Om"]
[Result "1-0"]
[ECO "D15"]
[WhiteElo "2111"]
[BlackElo "1737"]
[Annotator "NA"]
[PlyCount "77"]
[EventDate "2023.11.13"]
[EventType "swiss"]
[EventCountry "ITA"]
[SourceTitle "playchess.com"]
[Source "ChessBase"]
[SourceQuality "1"]
[TimeControl "40/5400+30:1800+30"]

1. d4 d5 2. c4 c6 3. Nc3 Nf6 4. Nf3 a6 5. c5 Bf5 6. h3 e6 7. Qb3 Ra7 8. Bf4 Nbd7 9. Rc1 Be7 10. e3 O-O 11. Be2 Re8 12. O-O Ne4 13. Nxe4 Bxe4 14. Nd2 Bg6 15. Bd3 Bxd3 16. Qxd3 Nf6 17. Rc2 Qd7 18. Rb1 Bd8 19. b4 Bc7 20. Bg5 Bd8 21. f4 Nh5 22. g4 Nf6 23. Bxf6 Bxf6 24. g5 Bd8 25. Nf3 Bc7 26. Kh2 b6 27. cxb6 Bxb6 28. Ne5 Qb7 29. Nxc6 Raa8 30. Rbc1 Kh8 31. Ne5 f6 32. gxf6 gxf6 33. Ng4 Qg7 34. Rg2 Rg8 35. Rcg1 Qe7 36. Nh6 Rxg2+ 37. Rxg2 e5 38. dxe5 fxe5 39. Qxd5 1-0

[Event "FIDE WYCC Girls U18 2023"]
[Site "Montesilvano"]
[Date "2023.11.13"]
[Round "1.9"]
[White "Tikvesli, Ceylin"]
[Black "Mihelic, Vesna"]
[Result "0-1"]
[ECO "C48"]
[WhiteElo "1736"]
[BlackElo "2102"]
[Annotator "ChessBase"]
[PlyCount "132"]
[EventDate "2023.11.13"]
[EventType "swiss"]
[EventCountry "ITA"]
[SourceTitle "playchess.com"]
[Source "ChessBase"]
[SourceQuality "1"]
[TimeControl "40/5400+30:1800+30"]

1. e4 e5 2. Nf3 Nc6 3. Nc3 Nf6 4. Bb5 Bd6 5. d3 a6 6. Ba4 h6 7. a3 b5 8. Bb3 Bb7 9. g4 Nd4 10. Ba2 Ne6 11. g5 Ng8 12. Rg1 hxg5 13. Bxg5 f6 14. Be3 Qe7 15. Nd5 Bxd5 16. Bxd5 c6 17. Bxe6 dxe6 18. a4 b4 19. c4 c5 20. b3 O-O-O 21. h4 Qf7 22. Qe2 Ne7 23. O-O-O Ng6 24. Rh1 Rh7 25. Rh3 Rdh8 26. Rdh1 Rh5 27. Qf1 Be7 28. Qg2 R8h7 29. Rg1 Nf8 30. Rg3 g6 31. Kc2 Qg7 32. Bd2 Kc7 33. Be3 f5 34. Bg5 f4 35. Rg4 Bd6 36. Qh3 Qf7 37. Qg2 Rg7 38. Qf1 Nd7 39. Qg2 Nb8 40. Rd1 Nc6 41. Kb2 Rg8 42. Ka2 Kb7 43. Kb2 Rf8 44. Ka2 Bc7 45. Kb2 Qd7 46. Qh3 Nd4 47. Ne1 Ne2 48. Nc2 Nc3 49. Ra1 Rf7 50. Qf3 Qd6 51. Kc1 Rhh7 52. Kd2 Qf8 53. Ne1 Rd7 54. Kc2 Qd6 55. Bf6 Qd4 56. Rc1 Na2 57. Rb1 Bd8 58. Rxf4 Qd6 59. Rg4 Bxf6 60. Rb2 Nc3 61. Qxf6 Rhf7 62. Qg5 Rxf2+ 63. Kc1 Rf1 64. Kd2 Rdf7 65. Qe3 R7f2+ 66. Kc1 Rxb2 0-1

[Event "FIDE WYCC Girls U18 2023"]
[Site "Montesilvano"]
[Date "2023.11.13"]
[Round "1.10"]
[White "Cornileau, Juliette"]
[Black "Tsapaki, Asimenia"]
[Result "1/2-1/2"]
[ECO "E43"]
[WhiteElo "2089"]
[BlackElo "1702"]
[Annotator "ChessBase"]
[PlyCount "172"]
[EventDate "2023.11.13"]
[EventType "swiss"]
[EventCountry "ITA"]
[SourceTitle "playchess.com"]
[Source "ChessBase"]
[SourceQuality "1"]
[TimeControl "40/5400+30:1800+30"]

1. d4 Nf6 2. c4 e6 3. Nc3 Bb4 4. e3 b6 5. Bd3 Bb7 6. Nf3 Ne4 7. Bd2 Nxd2 8. Qxd2 O-O 9. a3 Be7 10. e4 d6 11. O-O Nd7 12. Rfe1 e5 13. Nd5 Bf6 14. Bc2 Re8 15. Ba4 c6 16. Nxf6+ Qxf6 17. d5 Rac8 18. Rad1 Red8 19. dxc6 Bxc6 20. Bxc6 Rxc6 21. Qd5 Rdc8 22. b3 Nf8 23. Re3 Ng6 24. g3 h6 25. Kg2 Kh7 26. Qd2 Qe6 27. Rd3 Qg4 28. h3 Qxe4 29. Rxd6 Rxd6 30. Qxd6 Rc6 31. Qd5 Qxd5 32. Rxd5 f6 33. h4 h5 34. Nd2 Rc7 35. Rd8 Ne7 36. Nf3 Nc6 37. Rd5 Kg6 38. Rd6 Kf7 39. Rd2 Na5 40. Rb2 Rd7 41. Kf1 Rd3 42. Nd2 Rc3 43. Ke2 Ke7 44. Rb1 f5 45. Rb2 e4 46. c5 bxc5 47. b4 Nb7 48. Nb1 Rd3 49. Rc2 cxb4 50. axb4 Rd7 51. Ra2 Nd6 52. Nc3 Nc8 53. Ra5 g6 54. Rc5 Nb6 55. Rc6 Kf7 56. Ke3 Rb7 57. Kf4 Nd7 58. b5 Nf6 59. Kg5 Nh7+ 60. Kf4 Nf8 61. Ke3 Ne6 62. Ra6 Nc7 63. Rc6 Nxb5 64. Nxb5 Rxb5 65. Rc7+ Kf6 66. Rxa7 Rb3+ 67. Ke2 Rb6 68. Rh7 Re6 69. Ke3 Re7 70. Rh8 Rc7 71. Ra8 Rc3+ 72. Ke2 Rc6 73. Rh8 Rc7 74. Rf8+ Kg7 75. Ra8 Rb7 76. Ra6 Rb3 77. Rc6 f4 78. gxf4 Rh3 79. Re6 Rxh4 80. Rxe4 Rh3 81. Kf1 Ra3 82. Kg2 Kf6 83. Rb4 Rd3 84. Rb5 Ke6 85. Rg5 Kf6 86. Rb5 Ke6 1/2-1/2

[Event "FIDE WYCC Girls U18 2023"]
[Site "Montesilvano"]
[Date "2023.11.13"]
[Round "1.11"]
[White "Nielsen-Refs, Ingrid Elmer"]
[Black "Naymanova, Patricie"]
[Result "0-1"]
[ECO "E39"]
[WhiteElo "1676"]
[BlackElo "2083"]
[Annotator "NA"]
[PlyCount "140"]
[EventDate "2023.11.13"]
[EventType "swiss"]
[EventCountry "ITA"]
[SourceTitle "playchess.com"]
[Source "ChessBase"]
[SourceQuality "1"]
[TimeControl "40/5400+30:1800+30"]

1. d4 Nf6 2. c4 e6 3. Nc3 Bb4 4. Qc2 c5 5. dxc5 O-O 6. Nf3 Na6 7. a3 Bxc3+ 8. Qxc3 Nxc5 9. Bf4 b6 10. e3 Bb7 11. Be2 h6 12. O-O d5 13. Rfd1 Qe7 14. Rac1 Rac8 15. b4 Nfe4 16. Qb2 Nd7 17. cxd5 Bxd5 18. Nd2 g5 19. Bg3 Nxd2 20. Qxd2 f5 21. h3 Nf6 22. Bd3 Qb7 23. f3 Rfd8 24. Qe2 Qf7 25. Be5 Bb3 26. Re1 Nd7 27. Bb2 Nf8 28. Rxc8 Rxc8 29. Rc1 Rd8 30. Bc4 Bxc4 31. Qxc4 Ng6 32. Qc3 e5 33. Qc4 Qxc4 34. Rxc4 Rd1+ 35. Kh2 Rd7 36. Rc6 Kf7 37. Rc2 Re7 38. g3 h5 39. Bc1 Rd7 40. Rc3 Ne7 41. Kg2 Ke6 42. e4 f4 43. gxf4 gxf4 44. Kf1 Rd1+ 45. Kg2 Kd7 46. Rc2 Ke6 47. Rc7 Ng6 48. Rc6+ Kf7 49. Rc7+ Ke8 50. Rc3 Nh4+ 51. Kf2 Rh1 52. Bd2 Rxh3 53. Rd3 Ke7 54. Bc3 Rh2+ 55. Kf1 Ke6 56. Kg1 Rg2+ 57. Kf1 Rc2 58. Be1 Ng6 59. Rd8 Ra2 60. Rd3 h4 61. Bf2 h3 62. Bg1 h2 63. Bxh2 Rxh2 64. Rc3 Kd7 65. Rd3+ Kc6 66. Rd5 Rb2 67. Ke1 Rb3 68. Ke2 Rxa3 69. Rd1 Re3+ 70. Kf2 Nh4 0-1

[Event "FIDE WYCC Girls U18 2023"]
[Site "Montesilvano"]
[Date "2023.11.13"]
[Round "1.12"]
[White "Hakobyan, Astghik"]
[Black "Swara Lakshmi S Nair"]
[Result "1/2-1/2"]
[ECO "B90"]
[WhiteElo "2073"]
[BlackElo "1659"]
[Annotator "NA"]
[PlyCount "63"]
[EventDate "2023.11.13"]
[EventType "swiss"]
[EventCountry "ITA"]
[SourceTitle "playchess.com"]
[Source "ChessBase"]
[SourceQuality "1"]
[TimeControl "40/5400+30:1800+30"]

1. e4 c5 2. Nf3 d6 3. d4 cxd4 4. Nxd4 Nf6 5. Nc3 a6 6. Be3 e5 7. Nb3 Be6 8. h3 Be7 9. Qf3 Nc6 10. O-O-O b5 11. g4 Na5 12. Nxa5 Qxa5 13. Kb1 Rc8 14. Nd5 Bxd5 15. exd5 Qa4 16. Qf5 O-O 17. g5 g6 18. Qd3 Nh5 19. h4 Nf4 20. Qd2 Rc7 21. Bxf4 Qxf4 22. Qxf4 exf4 23. Rd4 f6 24. gxf6 Rxf6 25. a4 Rb7 26. axb5 axb5 27. Rb4 Kf8 28. Bxb5 Rf5 29. c3 Bf6 30. Bc4 Rxb4 31. cxb4 Rh5 32. b5 1/2-1/2

[Event "FIDE WYCC Girls U18 2023"]
[Site "Montesilvano"]
[Date "2023.11.13"]
[Round "1.13"]
[White "Largo, Franchesca"]
[Black "Voriskova, Anna"]
[Result "1-0"]
[ECO "B40"]
[WhiteElo "1658"]
[BlackElo "2065"]
[Annotator "NA"]
[PlyCount "113"]
[EventDate "2023.11.13"]
[EventType "swiss"]
[EventCountry "ITA"]
[SourceTitle "playchess.com"]
[Source "ChessBase"]
[SourceQuality "1"]
[TimeControl "40/5400+30:1800+30"]

1. e4 c5 2. Nf3 e6 3. c3 Nf6 4. e5 Nd5 5. d4 cxd4 6. cxd4 b6 7. Bd3 Be7 8. Nc3 Nxc3 9. bxc3 Ba6 10. O-O O-O 11. a4 Bxd3 12. Qxd3 d6 13. exd6 Qxd6 14. Ba3 Qc7 15. Bxe7 Qxe7 16. a5 Nd7 17. axb6 Nxb6 18. c4 Rfd8 19. Rfc1 Rac8 20. c5 Nd5 21. Qa6 Rc7 22. Rab1 Nf4 23. g3 Nh3+ 24. Kg2 Ng5 25. Ne5 Qf6 26. h4 Ne4 27. Qe2 Qf5 28. Rb3 h5 29. Rf3 Qh7 30. Qe3 f6 31. Nc4 Qg6 32. Rf4 f5 33. Re1 Rb7 34. Ne5 Qe8 35. Re2 Rb4 36. f3 Nf6 37. Nd3 Nd5 38. Qe5 Nxf4+ 39. Nxf4 Rdxd4 40. Nxe6 Rd7 41. Qc3 Re4 42. fxe4 Qxe6 43. e5 f4 44. Qf3 fxg3 45. Kxg3 g6 46. Qe4 Rd5 47. Qc4 g5 48. hxg5 Qg4+ 49. Qxg4 hxg4 50. e6 Kf8 51. e7+ Ke8 52. Kxg4 Rxc5 53. g6 Rc1 54. Kf5 Rc5+ 55. Kf6 Rc1 56. Rg2 Rf1+ 57. Ke5 1-0

[Event "FIDE WYCC Girls U18 2023"]
[Site "Montesilvano"]
[Date "2023.11.13"]
[Round "1.14"]
[White "Liu, Kelsey"]
[Black "Sukyte, Kotryna"]
[Result "1/2-1/2"]
[ECO "B62"]
[WhiteElo "2051"]
[BlackElo "1651"]
[Annotator "NA"]
[PlyCount "47"]
[EventDate "2023.11.13"]
[EventType "swiss"]
[EventCountry "ITA"]
[SourceTitle "playchess.com"]
[Source "ChessBase"]
[SourceQuality "1"]
[TimeControl "40/5400+30:1800+30"]

1. e4 c5 2. Nf3 d6 3. Nc3 Nc6 4. d4 cxd4 5. Nxd4 Nf6 6. Bg5 e6 7. Qd3 Be7 8. O-O-O Ne5 9. Qh3 a6 10. f4 Ned7 11. Bc4 Nb6 12. Bb3 Qc7 13. Rhe1 Bd7 14. e5 dxe5 15. fxe5 Nfd5 16. Bxe7 Nxe7 17. Qg3 Ng6 18. Ne4 O-O 19. Ng5 Kh8 20. h4 Ba4 21. h5 Ne7 22. Qd3 g6 23. hxg6 Nxg6 24. Qh3 1/2-1/2

[Event "FIDE WYCC Girls U18 2023"]
[Site "Montesilvano"]
[Date "2023.11.13"]
[Round "1.15"]
[White "Oviedo Acosta, Paula"]
[Black "Sevcikova, Lucia"]
[Result "0-1"]
[ECO "C07"]
[WhiteElo "1639"]
[BlackElo "2047"]
[Annotator "NA"]
[PlyCount "90"]
[EventDate "2023.11.13"]
[EventType "swiss"]
[EventCountry "ITA"]
[SourceTitle "playchess.com"]
[Source "ChessBase"]
[SourceQuality "1"]
[TimeControl "40/5400+30:1800+30"]

1. e4 e6 2. d4 d5 3. Nd2 c5 4. exd5 Qxd5 5. Ngf3 cxd4 6. Bc4 Qd7 7. O-O Nc6 8. Nb3 a6 9. Re1 Bd6 10. Nbxd4 Nge7 11. Bf1 O-O 12. c4 Rd8 13. Bg5 Nxd4 14. Qxd4 f6 15. Be3 Nf5 16. Qc3 Nxe3 17. Rxe3 Qc7 18. Rd3 b6 19. Re1 e5 20. Kh1 Bb7 21. Nh4 e4 22. Rh3 Bf4 23. Qc2 Rd2 24. Qb3 Qc5 25. Rhe3 Bxe3 26. fxe3 g5 27. Qc3 Rd6 28. b4 Qc8 29. c5 bxc5 30. bxc5 Rc6 31. Qb3+ Kh8 32. Nf5 Qxf5 33. Qxb7 Rac8 34. Bxa6 Rxc5 35. Qb2 Rc2 36. Qa1 Qf2 37. Bf1 Rxa2 38. Qb1 Rb2 39. Qa1 Kg7 40. Rd1 Rd2 41. Qa7+ Kg6 42. Rb1 Rdc2 43. Qd4 Rc1 44. Qxe4+ Kh6 45. Qd3 R8c2 0-1

[Event "FIDE WYCC Girls U18 2023"]
[Site "Montesilvano"]
[Date "2023.11.13"]
[Round "1.17"]
[White "Ajradinoska, Indzi"]
[Black "Obada, Ema"]
[Result "1/2-1/2"]
[ECO "A46"]
[WhiteElo "1594"]
[BlackElo "2023"]
[Annotator "NA"]
[PlyCount "121"]
[EventDate "2023.11.13"]
[EventType "swiss"]
[EventCountry "ITA"]
[SourceTitle "playchess.com"]
[Source "ChessBase"]
[SourceQuality "1"]
[TimeControl "40/5400+30:1800+30"]

1. d4 Nf6 2. Nf3 e6 3. e3 c5 4. b3 b6 5. Bb2 Bb7 6. Nbd2 Be7 7. Bd3 d6 8. O-O Nbd7 9. Re1 O-O 10. Rc1 Rc8 11. Qe2 Qc7 12. c3 d5 13. e4 dxe4 14. Nxe4 Nxe4 15. Bxe4 Bxe4 16. Qxe4 c4 17. d5 Nf6 18. Qxc4 Qb7 19. Qe2 Qxd5 20. c4 Qh5 21. h3 Rfd8 22. Rcd1 h6 23. Rxd8+ Rxd8 24. Rd1 Rc8 25. Bxf6 Bxf6 26. Rd7 Qa5 27. Qd2 Bc3 28. Rd8+ Rxd8 29. Qxd8+ Kh7 30. Qd3+ g6 31. Nh2 Bb2 32. Qb1 Bf6 33. Ng4 Bg7 34. Ne3 h5 35. Nf1 Bd4 36. Qc2 Kg7 37. Nd2 Bf6 38. Nf3 Kf8 39. Nd2 Ke7 40. Nf3 Ke8 41. Nd2 Qe5 42. Nf3 Qa1+ 43. Kh2 Kf8 44. Qd2 Kg7 45. Qc2 Bb2 46. a4 Ba3 47. Qd2 Bb2 48. Qc2 Bf6 49. c5 bxc5 50. Qxc5 a6 51. Qa5 Qf1 52. Qd2 Qb1 53. Qe3 Qc2 54. Nd4 Qb2 55. Nf3 Bc3 56. Qa7 Qxb3 57. Qxa6 Qb4 58. Qb5 Qf4+ 59. Kg1 Qc1+ 60. Kh2 Qf4+ 61. Kg1 1/2-1/2

[Event "FIDE WYCC Girls U18 2023"]
[Site "Montesilvano"]
[Date "2023.11.13"]
[Round "1.18"]
[White "Trifoi, Mihaela-Ioana"]
[Black "Zubova, Darja"]
[Result "1-0"]
[ECO "B13"]
[WhiteElo "2021"]
[BlackElo "1582"]
[Annotator "NA"]
[PlyCount "87"]
[EventDate "2023.11.13"]
[EventType "swiss"]
[EventCountry "ITA"]
[SourceTitle "playchess.com"]
[Source "ChessBase"]
[SourceQuality "1"]
[TimeControl "40/5400+30:1800+30"]

1. e4 c6 2. d4 d5 3. exd5 cxd5 4. Bd3 Nc6 5. c3 Qc7 6. h3 g6 7. Nf3 Bf5 8. Bxf5 gxf5 9. O-O e6 10. Re1 Nf6 11. c4 O-O-O 12. Bg5 Be7 13. Na3 a6 14. Rc1 Ne4 15. Bxe7 Qxe7 16. cxd5 Rxd5 17. Ne5 Rxe5 18. dxe5 Kb8 19. Nc4 Qh4 20. Qe2 Rg8 21. Qe3 Nb4 22. Nd6 Nd3 23. Nxe4 fxe4 24. Kf1 Nxc1 25. Qxc1 Rc8 26. Qd2 e3 27. Qxe3 Qc4+ 28. Kg1 Qxa2 29. Qe4 Qxb2 30. Qxh7 Qd2 31. Qe4 Rc4 32. Qe3 Qd5 33. g3 a5 34. h4 a4 35. h5 Rc8 36. h6 Qb3 37. Qe4 a3 38. h7 Qd5 39. Qf4 Qd3 40. Qxf7 Rh8 41. Qg8+ Rxg8 42. hxg8=Q+ Ka7 43. Qxe6 Qc3 44. Rb1 1-0

[Event "FIDE WYCC Girls U18 2023"]
[Site "Montesilvano"]
[Date "2023.11.13"]
[Round "1.19"]
[White "Ivanovic, Tara"]
[Black "Margadgua Erdenebayar"]
[Result "1/2-1/2"]
[ECO "B92"]
[WhiteElo "1575"]
[BlackElo "2013"]
[Annotator "NA"]
[PlyCount "90"]
[EventDate "2023.11.13"]
[EventType "swiss"]
[EventCountry "ITA"]
[SourceTitle "playchess.com"]
[Source "ChessBase"]
[SourceQuality "1"]
[TimeControl "40/5400+30:1800+30"]

1. e4 c5 2. Nf3 d6 3. d4 cxd4 4. Nxd4 Nf6 5. Nc3 a6 6. Be2 e5 7. Nf5 h6 8. Ne3 Be6 9. O-O Be7 10. f3 O-O 11. Ned5 Bxd5 12. Nxd5 Nxd5 13. Qxd5 Nc6 14. Be3 Bg5 15. Bxg5 Qxg5 16. Kh1 Rad8 17. Rfd1 Nd4 18. Bd3 Rd7 19. c3 Ne6 20. g3 Rc8 21. Bc2 Rc5 22. Qd2 Qd8 23. Bb3 Nc7 24. Qe3 b6 25. Rd2 Kh8 26. Rad1 Qf8 27. Kg2 g6 28. Ba4 b5 29. Bb3 Rc6 30. Bd5 Nxd5 31. Rxd5 Rdc7 32. Qd2 b4 33. Rxd6 bxc3 34. Rd8 cxd2 35. Rxf8+ Kg7 36. Rd8 Rc2 37. R8xd2 Kf6 38. Kf2 Ke7 39. Ke3 f6 40. Rxc2 Rxc2 41. Rd2 Rc1 42. b3 Rc3+ 43. Kf2 Ke6 44. h4 h5 45. Rb2 Kd6 1/2-1/2

[Event "FIDE WYCC Girls U18 2023"]
[Site "Montesilvano"]
[Date "2023.11.13"]
[Round "1.20"]
[White "Dakic, Marta"]
[Black "Sasvatha A"]
[Result "1-0"]
[ECO "B12"]
[WhiteElo "2013"]
[BlackElo "1568"]
[Annotator "NA"]
[PlyCount "77"]
[EventDate "2023.11.13"]
[EventType "swiss"]
[EventCountry "ITA"]
[SourceTitle "playchess.com"]
[Source "ChessBase"]
[SourceQuality "1"]
[TimeControl "40/5400+30:1800+30"]

1. e4 c6 2. d4 d5 3. f3 dxe4 4. fxe4 e5 5. Nf3 Be6 6. c3 exd4 7. cxd4 h6 8. Nc3 Nf6 9. Bd3 g5 10. O-O g4 11. d5 gxf3 12. Qxf3 cxd5 13. Bb5+ Nc6 14. Qxf6 Qxf6 15. Rxf6 d4 16. Nd5 Kd7 17. b3 Bg7 18. Rf2 f5 19. Nf4 fxe4 20. Nxe6 Kxe6 21. Bc4+ Kd6 22. Ba3+ Ke5 23. Raf1 d3 24. Rf5+ Kd4 25. Bb2+ Ke3 26. Bxg7 Rh7 27. Bc3 Nd4 28. Bxd4+ Kxd4 29. Rd5+ Kc3 30. Re1 Re7 31. Bxd3 Rae8 32. Bb5 Rf8 33. Re3+ Kb2 34. Re2+ Kc3 35. Bd3 Rf4 36. Rc2+ Kb4 37. Rb5+ Ka3 38. Ra5+ Kb4 39. Ra4# 1-0

[Event "FIDE WYCC Girls U18 2023"]
[Site "Montesilvano"]
[Date "2023.11.13"]
[Round "1.21"]
[White "Gonzalez Romo, Greshya Jocelyn"]
[Black "Sosovickova, Jana"]
[Result "0-1"]
[ECO "C78"]
[WhiteElo "1494"]
[BlackElo "2013"]
[Annotator "NA"]
[PlyCount "98"]
[EventDate "2023.11.13"]
[EventType "swiss"]
[EventCountry "ITA"]
[SourceTitle "playchess.com"]
[Source "ChessBase"]
[SourceQuality "1"]
[TimeControl "40/5400+30:1800+30"]

1. e4 e5 2. Nf3 Nc6 3. Bb5 a6 4. Ba4 Nf6 5. O-O b5 6. Bb3 Bc5 7. d3 O-O 8. Bg5 h6 9. Bh4 Be7 10. Nbd2 d6 11. c3 Na5 12. Bc2 c5 13. d4 Nc6 14. d5 Nb8 15. a4 Qb6 16. axb5 Qxb5 17. b3 Nbd7 18. Nc4 Qb8 19. Na5 Bb7 20. Qe2 Qc7 21. Bd3 Nb8 22. Rfb1 Bc8 23. Bc4 g5 24. Bg3 Nh5 25. Ne1 Nf4 26. Bxf4 exf4 27. Nd3 Bf6 28. Rc1 Bd7 29. Ra2 Bb5 30. b4 Nd7 31. Rac2 Nb6 32. Bxb5 axb5 33. Nc6 c4 34. Ne1 Rfe8 35. Nf3 Nxd5 36. Ncd4 Qd7 37. Nf5 Qxf5 38. exf5 Rxe2 39. Rxe2 Nxc3 40. Rd2 d5 41. h3 d4 42. Kf1 d3 43. Ne1 Ne4 44. Nf3 Nxd2+ 45. Nxd2 Ra1 46. Rxa1 Bxa1 47. Ne4 c3 48. Nc5 c2 49. Nxd3 Bb2 0-1